 Dungeon Crawl Stone Soup version 0.21-a0-286-g6fcecc0 (webtiles) character file.

11 tidbits the Skirmisher (level 2, -2/26 HPs)
             Began as a Draconian Monk on Sept 27, 2017.
             Was a Believer of Kikubaaqudgha.
             Slain by a gnoll (4 damage)
             ... on level 2 of the Dungeon.
             The game lasted 00:02:39 (400 turns).

tidbits the Skirmisher (Draconian Monk)              Turns: 400, Time: 00:02:40

Health: -2/26      AC:  4    Str: 13    XL:     2   Next: 17%
Magic:  2/2        EV: 12    Int: 10    God:    Kikubaaqudgha [**....]
Gold:   27         SH:  4    Dex: 13    Spells: 0/1 levels left

rFire    . . .     SeeInvis .     - Unarmed
rCold    . . .     Gourm    .   D - +1 buckler {reflect}
rNeg     . . .     Faith    .   (armour unavailable)
rPois    .         Spirit   .   (helmet restricted)
rElec    .         Reflect  +   (no cloak)
rCorr    .         Harm     .   (no gloves)
MR       .....                  (no boots)
Stlth    ++........             (no amulet)
HPRegen  0.08/turn              (no ring)
MPRegen  0.08/turn              (no ring)

@: no status effects
A: unfitting armour, cold-blooded, AC +4
a: Receive Corpses, Renounce Religion


You were on level 2 of the Dungeon.
You worshipped Kikubaaqudgha.
Kikubaaqudgha was pleased with you.
You were not hungry.

You visited 1 branch of the dungeon, and saw 2 of its levels.

You collected 27 gold pieces.

Inventory:

Hand Weapons
 h - a +1 hand axe of holy wrath
   (You found it on level 2 of the Dungeon)
Armour
 D - a +1 buckler of reflection (worn)
   (You found it on level 1 of the Dungeon)
Scrolls
 b - a scroll of magic mapping {unknown}
 c - a scroll of enchant weapon {unknown}
 d - a scroll of identify {unknown}
 e - a scroll of teleportation {unknown}
 g - a scroll of remove curse {unknown}
 i - a scroll of fear {unknown}
Potions
 f - a potion of degeneration {unknown}
 j - a potion of curing {unknown}
 k - a potion of mutation {unknown}
Books
 l - Kikubaaqudgha's Catalogue of Stolen Souls
   (Kikubaaqudgha gifted it to you on level 2 of the Dungeon)

   Spells                             Type                      Level
   a - Animate Skeleton               Necromancy                   1
   b - Corpse Rot                     Necromancy                   2
   c - Sublimation of Blood           Necromancy                   2
   d - Regeneration                   Charms/Necromancy            3
   e - Control Undead                 Necromancy                   4
Comestibles
 a - a bread ration


   Skills:
 - Level 3.3 Fighting
 - Level 2.9 Dodging
 - Level 1.8 Stealth
 + Level 0.4 Shields
 * Level 3.2 Unarmed Combat
 + Level 0.0 Spellcasting


You couldn't memorise any spells.
You knew the following spells:

 Your Spells              Type           Power        Failure   Level  Hunger
n - Animate Skeleton      Necr           N/A          52%         1    ##.....


Dungeon Overview and Level Annotations

Branches:
Dungeon (2/15)

Altars:
Kikubaaqudgha
Trog


Innate Abilities, Weirdness & Mutations

Your plain brown scales are hard. (AC +4)
You cannot fit into any form of body armour.
You are cold-blooded and may be slowed by cold attacks.


Message History

Found 5 gold pieces.
There is an open door here.
You now have 27 gold pieces (gained 5).
As you open the door, it creaks loudly!
There is an open door here.
You open the door.
There is an open door here.
A rat comes into view.
The helpless rat fails to defend itself.
You hit the rat but do no damage. The rat barely misses you.
You hit the rat.
You kill the rat!
You have reached level 2!
Found a white potion.
A frilled lizard comes into view.
You see here a white potion.
k - a white potion The frilled lizard hisses angrily.
The frilled lizard bites you.
You hit the frilled lizard.
You kill the frilled lizard!
A rat comes into view.
The rat bites you but does no damage.
You hit the rat.
You kill the rat!
There is a stone staircase leading down here.
There is a stone staircase leading down here.
You climb downwards.
There is a stone staircase leading up here.
A rat comes into view.
A kobold comes into view. It is wielding a short sword.
The kobold shouts!
The rat closely misses you.
You closely miss the rat.
Your tail-slap misses the rat.
You block the rat's attack.
You closely miss the rat. The rat misses you.
You barely miss the rat. The rat closely misses you.
You hit the rat.
You kill the rat!
You hit the kobold but do no damage. You tail-slap the kobold.
You kill the kobold!
Items here: ( ) †† a short sword; a stone; a kobold corpse; a rat corpse
Found an ancient bone altar of Kikubaaqudgha.
You enter the shallow water.
Moving in this stuff is going to be slow.
There is an ancient bone altar of Kikubaaqudgha here.
You kneel at the altar of Kikubaaqudgha.
Kikubaaqudgha welcomes you!
You can now receive cadavers from Kikubaaqudgha.
You see here Kikubaaqudgha's Catalogue of Stolen Souls.
Kikubaaqudgha grants you a gift!
Kikubaaqudgha is protecting you from necromantic miscasts and death curses. l - Kikubaaqudgha's Catalogue of Stolen Souls Memorise Animate Skeleton, consuming 1 spell level and leaving 0?
You start memorising the spell.
You continue memorising.
You finish memorising.
Spell assigned to 'n'.
You enter the shallow water.
Moving in this stuff is going to be slow.
An adder comes into view.
The adder hisses angrily.
The adder moves out of view. 2 gnolls come into view.
The gnoll shouts!
A gnoll comes into view. It is wielding a halberd.
You enter the shallow water.
Moving in this stuff is going to be slow.
There is a dry fountain here.
You hit the gnoll.
The gnoll is moderately wounded.
The gnoll hits you.
You hit the gnoll but do no damage.
The gnoll is moderately wounded.
The gnoll barely misses you.
You barely miss the gnoll.
The gnoll is moderately wounded.
The gnoll misses you.
You closely miss the gnoll.
Your tail-slap misses the gnoll.
The gnoll is moderately wounded.
The gnoll hits you but does no damage.
You hit the gnoll.
The gnoll is heavily wounded.
The gnoll hits you!
* * * LOW HITPOINT WARNING * * *
You hit the gnoll.
The gnoll is severely wounded.
The gnoll hits you but does no damage.
You hit the gnoll.
Your tail-slap misses the gnoll.
The gnoll is severely wounded.
The gnoll hits you.
* * * LOW HITPOINT WARNING * * *
You barely miss the gnoll.
Your tail-slap misses the gnoll.
The gnoll is severely wounded.
The gnoll hits you.
* * * LOW HITPOINT WARNING * * *
You closely miss the gnoll.
The gnoll is severely wounded.
The gnoll hits you.
You die...
Kikubaaqudgha rasps: "You have failed me!
Welcome... death!"

#.#....##...##
######.#._.....⌠..###g
#......#.≈..≈.........
#......#..≈≈≈≈≈≈.#.##g
#......##...≈≈≈..#
#......##...≈≈≈..#
#......#....≈≈≈..... .
#........g...≈...#..# #.
#.......@........#..# #.
#.....#).#######....####.
#.....#.### ##... ...
#######...# #.# #. #...#
###..# #.
#...#####...#####.[
#.................#
#...#........###.g.
#...#..<.....# .


You could see a gnoll.

Vanquished Creatures
  A leopard gecko (D:1)
  A ball python (D:2)
  A bat (D:1)
  A giant cockroach (D:2)
  2 frilled lizards
  2 kobolds
  3 rats
11 creatures vanquished.

Notes
Turn   | Place    | Note
-------+----------+-------------------------------------------
     0 | D:1      | tidbits the Draconian Monk began the quest for the Orb.
     0 | D:1      | Reached XP level 1. HP: 19/19 MP: 1/1
     4 | D:2      | Found a bloodstained altar of Trog.
   280 | D:1      | Reached XP level 2. HP: 26/26 MP: 2/2
   360 | D:2      | Found an ancient bone altar of Kikubaaqudgha.
   370 | D:2      | Became a worshipper of Kikubaaqudgha
   370 | D:2      | Reached * piety under Kikubaaqudgha
   370 | D:2      | Identified Kikubaaqudgha's Catalogue of Stolen Souls (Kikubaaqudgha gifted it to you on level 2 of the Dungeon)
   370 | D:2      | Received a gift from Kikubaaqudgha
   370 | D:2      | Reached ** piety under Kikubaaqudgha
   374 | D:2      | Learned a level 1 spell: Animate Skeleton
   399 | D:2      | HP: 2/26 [gnoll (5)]
   400 | D:2      | Slain by a gnoll

Vault maps used:
D:1:      dpeg_arrival_line_fractal
D:2:      bloody_trog, kiku_gazebo_pond_becter, overflow_temple_1_default,
          corexii_corridor_pit, uniq_jessica, uniq_sigmund

Action                   || total
-------------------------++-------
Melee: Unarmed           ||    44
       Tailslap          ||     4
       Punch             ||     1
 Stab: Sleeping          ||     2
Armor: Skin              ||    13
Dodge: Dodged            ||    19
Block: Buckler           ||     4

Table legend:
 A = Spawn XP
 B = Non-spawn XP
 C = Spawn XP percentage of total XP
 D = Spawn monster count
 E = Non-spawn monster count
 F = Spawn count percentage of total count
 G = Total turns spent on level
                    A         B        C        D         E        F      G
               +---------+---------+-------+---------+---------+-------+---------
         Total |       0 |      17 |   0.0 |       0 |      11 |   0.0 |   400
               +---------+---------+-------+---------+---------+-------+---------
           D:1 |       0 |       9 |   0.0 |       0 |       6 |   0.0 |   243
           D:2 |       0 |       8 |   0.0 |       0 |       5 |   0.0 |   157
               +---------+---------+-------+---------+---------+-------+---------

Table legend:
 A = Turns spent in this place as a percentage of turns spent in the entire game.
 B = Non-inter-level travel turns spent in this place as a percentage of non-inter-level travel turns spent in the entire game.
 C = Inter-level travel turns spent in this place as a percentage of turns spent in this place.
 D = Turns resting spent in this place as a percentage of non-inter-level travel turns spent in this place.
 E = Turns spent auto-exploring this place as a percentage of non-inter-level travel turns spent in this place.
 F = Non-inter-level travel turns spent in this place divided by the number of levels of this place that you've seen.
                   A       B       C       D       E      F
               +-------+-------+-------+-------+-------+----------------------
         Total | 100.0 | 100.0 |   0.0 |   0.0 |   0.0 | 200.0
       Dungeon | 100.0 | 100.0 |   0.0 |   0.0 |   0.0 | 200.0
               +-------+-------+-------+-------+-------+----------------------

Table legend:
 A = Kills in this place as a percentage of kills in entire the game.
 B = Kills by you in this place as a percentage of kills by you in the entire game.
 C = Kills by friends in this place as a percentage of kills by friends in the entire game.
 D = Other kills in this place as a percentage of other kills in the entire game.
 E = Experience gained in this place as a percentage of experience gained in the entire game.
 F = Experience gained in this place divided by the number of levels of this place that you have seen.
                   A       B       C       D       E      F
               +-------+-------+-------+-------+-------+----------------------
         Total | 100.0 | 100.0 |   N/A |   N/A | 100.0 |   8.5
       Dungeon | 100.0 | 100.0 |   N/A |   N/A | 100.0 |   8.5
               +-------+-------+-------+-------+-------+----------------------

Vault maps used:
D:1:      dpeg_arrival_line_fractal
D:2:      bloody_trog, kiku_gazebo_pond_becter, overflow_temple_1_default,
          corexii_corridor_pit, uniq_jessica, uniq_sigmund
